 Dungeon Crawl Stone Soup version 0.29.1-1-gd02db69 (webtiles) character file.

Game seed: 15685631657237500478

19 Timinator the Insei (level 2, 0/23 HPs)
             Began as a Demigod Transmuter on Jan 12, 2023.
             Slain by a kobold
             ... wielding a +0 mace
              (5 damage)
             ... on level 1 of the Dungeon.
             The game lasted 00:01:30 (936 turns).

Timinator the Insei (Demigod Transmuter)             Turns: 936, Time: 00:01:31

Health: 0/23       AC:  2    Str: 11    XL:     2   Next: 39%
Magic:  6/7        EV: 12    Int: 15    God:
Gold:   14         SH:  0    Dex: 14    Spells: 2/5 levels left

rFire   . . .      SeeInvis .     - Unarmed
rCold   . . .      Faith    .   (no shield)
rNeg    . . .      Spirit   .   a - +0 robe
rPois   .          Reflect  .   (helmet currently unavailable)
rElec   .          Harm     .   (no cloak)
rCorr   .          Rampage  .   (no gloves)
Will    .....                   (boots currently unavailable)
Stlth   +.........              (no amulet)
HPRegen 0.07/turn               (no ring)
MPRegen 0.10/turn               (no ring)

@: appendages
A: horns 2, talons 2, high MP 1, forlorn, divine attributes
a: End Transformation


You were on level 1 of the Dungeon.
You had temporarily grown beastly horns and talons.
You visited 1 branch of the dungeon, and saw 1 of its levels.

You collected 14 gold pieces.

Inventory:

Armour
 a - a +0 robe (worn)
Scrolls
 c - a scroll of fear {unknown}
 d - 2 scrolls of teleportation {unknown}
 f - a scroll of magic mapping {unknown}
 g - a scroll of identify {unknown}
 h - a scroll of noise {unknown}
Potions
 b - 2 potions of lignification
 e - a potion of cancellation {unknown}


   Skills:
 * Level 1.2 Fighting
 * Level 0.6 Armour
 + Level 1.9 Dodging
 + Level 2.9 Unarmed Combat
 * Level 2.0 Spellcasting
 + Level 1.8 Transmutations


You had 2 spell levels left.
You knew the following spells:

 Your Spells              Type           Power      Damage    Failure   Level
a - Beastly Appendage     Tmut           14%        N/A       11%         1
b - Wereblood             Tmut           7%         N/A       16%         2

Your spell library contained the following spells:

 Spells                   Type           Power      Damage    Failure   Level
 Spider Form              Tmut/Pois      4%         N/A       41%         3
 Ice Form                 Ice/Tmut       4%         N/A       83%         4


Dungeon Overview and Level Annotations

Branches:
Dungeon (1/15)


Innate Abilities, Weirdness & Mutations

You have temporarily grown beastly horns and talons.
You have an increased reservoir of magic. (+10% MP)
You shall have no god before yourself.
Your divine heritage dramatically boosts your attributes as you level up.


Message History

A kobold comes into view. It is wielding a +0 mace.
The goblin hits you with a +2 dagger of venom.
You are poisoned.
You hit the goblin.
You kill the goblin!
You feel sick.
You feel sick.
The kobold throws a stone.
The stone hits you.
Things that are here:
a +2 dagger of venom; a goblin corpse You feel sick.
The kobold throws a stone.
The stone hits you.
Your horns disappear.
Your talons disappear.
You feel sick. The kobold closely misses you.
Casting: Beastly Appendage (safe; 11% risk of failure)
Confirm with . or Enter, or press ? or * to list all spells.
You grow a pair of large bovine horns.
Your feet morph into talons.
You feel sick. The kobold closely misses you.
You hit the kobold but do no damage.
You feel sick. The kobold closely misses you.
You hit the kobold.
The kobold is severely wounded.
You feel sick. The kobold hits you with a +0 mace.
* * * LOW HITPOINT WARNING * * *
You completely miss the kobold.
The kobold is severely wounded.
You feel sick.
You are no longer poisoned.
The kobold closely misses you.
You hit the kobold but do no damage. Your kick misses the kobold.
The kobold is severely wounded.
The kobold misses you.
You closely miss the kobold. Your kick misses the kobold.
The kobold is severely wounded.
You closely miss the kobold. Your kick misses the kobold.
Your headbutt misses the kobold.
The kobold is severely wounded.
The kobold barely misses you.
You hit the kobold but do no damage. Your kick misses the kobold.
The kobold is severely wounded.
The kobold hits you with a +0 mace.
You die...

.#... #....##### .....
#......... ##...
.......... ..... ...
#......... #... ....
#......... #...
....##....... #...
.....#.K..# #...
.....#!@..####### ####
................# #
.......)........# ####
...........)....# #...
...............(# #...
................# #...
................#####...
....................'...
#####......)....#####...


You could see a kobold.

Vanquished Creatures
  A dart slug (D:1)
  A ball python (D:1)
  2 endoplasms (D:1)
  2 hobgoblins (D:1)
  A frilled lizard (D:1)
  5 goblins (D:1)
  4 kobolds (D:1)
16 creatures vanquished.

Notes
Turn   | Place    | Note
-------+----------+-------------------------------------------
     0 | D:1      | Timinator the Demigod Transmuter began the quest for the
                  | Orb.
     0 | D:1      | Reached XP level 1. HP: 15/15 MP: 5/5
    15 | D:1      | Reached skill level 1 in Fighting
   454 | D:1      | Reached XP level 2. HP: 23/23 MP: 5/7
   905 | D:1      | Learned a level 2 spell: Wereblood
   936 | D:1      | Slain by a kobold

Illustrated notes

Levels and vault maps discovered:
D:1:      dpeg_arrival_shrine, layout_basic, minmay_misc_feat_alley

Skill      XL: |  1  2 |
---------------+-------+-----
Fighting       | 1 |  1.2
Spellcasting   | 2 |  2.0
Armour         | |  0.6
Dodging        | |  1.9
Unarmed Combat | |  2.9
Transmutations | |  1.8

Action                   || total
-------------------------++-------
Melee: Unarmed           ||    51
       Kick              ||     8
       Headbutt          ||     4
       Punch             ||     2
 Cast: Beastly Appendage ||     6
Armor: Robe              ||     4
Dodge: Dodged            ||    18
